General information
			
			
        
        - name: BNet
 
        - type: Ladder 1vs1/FFA
 
        - host: Battle.net
 
        - saver: uniball
 
        
map: LostTemple 
        - players: 2
 
        - length: 14:24
 
        - speed: Fast
 - version: 1.22 W3XP
 - replay type:  Public
 
» download(48 KB)
Players
        team 1 (winner) 
              
              
uniball (
orange | 121 APM | 1737 actions | 14:24)
              
 4 Archmage 
 2 Summon Water Elemental
 2 Brilliance Aura
 1 Mountain King 
 1 Storm Bolt
 
                » actions 
                
                | Assign group hotkey | 32 |  | 
| Basic commands | 31 |  | 
| Build / train | 70 |  | 
| Enter build submenu | 35 |  | 
| Enter hero's abilities submenu | 5 |  | 
| Give item / drop item | 1 |  | 
| Remove unit from queue | 9 |  | 
| Right click | 1000 |  | 
| Select / deselect | 293 |  | 
| Select group hotkey | 193 |  | 
| Use ability | 68 |  | 
                1737 total
 » units 
                
                | Peasant | 15 |  | 
| Footman | 7 |  | 
| Spell Breaker | 3 |  | 
| Priest | 2 |  | 
| Sorceress | 1 |  | 
                28 total
 » upgrades
                » buildings
                
                | Altar of Kings | 1 |  | 
| Barracks | 1 |  | 
| Farm | 12 |  | 
| Lumber Mill | 1 |  | 
| Scout Tower | 13 |  | 
| Arcane Tower | 2 |  | 
| Town Hall | 1 |  | 
| Arcane Vault | 1 |  | 
| Guard Tower | 11 |  | 
| Keep | 2 |  | 
| Arcane Sanctum | 2 |  | 
| Castle | 1 |  | 
| Blacksmith | 1 |  | 
                49 total
 » build order
                00:14 Altar of Kings
00:19 Barracks
00:21 Farm
00:23 Farm
00:29 Farm
01:35 Lumber Mill
01:39 Farm
02:45 Scout Tower
02:55 Farm
03:14 Arcane Tower
04:01 Town Hall
04:03 Arcane Vault
04:39 Scout Tower
04:41 Scout Tower
04:41 Scout Tower
04:42 Scout Tower
05:13 Arcane Tower
05:19 Scout Tower
05:30 Scout Tower
05:31 Scout Tower
05:32 Scout Tower
05:33 Scout Tower
06:05 Guard Tower
06:14 Guard Tower
06:15 Guard Tower
06:41 Guard Tower
06:47 Guard Tower
06:47 Guard Tower
07:12 Guard Tower
07:13 Guard Tower
07:16 Scout Tower
07:16 Scout Tower
07:21 Farm
07:22 Scout Tower
07:37 Guard Tower
08:15 Keep
08:16 Keep
08:32 Guard Tower
09:46 Farm
11:32 Arcane Sanctum
11:34 Arcane Sanctum
12:33 Castle
12:53 Farm
12:53 Farm
12:54 Farm
12:55 Farm
12:55 Farm
13:28 Blacksmith
» items
                
                | Scroll of Regeneration | 2 |  | 
| Lesser Clarity Potion | 3 |  | 
| Scroll of Town Portal | 1 |  | 
                6 total
  
               team 2 (loser) 
              
              
The-Enemy (
pink | 39 APM | 568 actions | 14:23)
              
 2 Archmage 
 1 Blizzard
 1 Summon Water Elemental
 
                » actions 
                
                | Assign group hotkey | 20 |  | 
| Basic commands | 36 |  | 
| Build / train | 37 |  | 
| Enter build submenu | 15 |  | 
| Enter hero's abilities submenu | 2 |  | 
| Right click | 209 |  | 
| Select / deselect | 166 |  | 
| Select group hotkey | 43 |  | 
| Use ability | 40 |  | 
                568 total
 » units 
                
                | Peasant | 13 |  | 
| Footman | 11 |  | 
| Rifleman | 2 |  | 
                26 total
 » upgrades
                » buildings
                
                | Altar of Kings | 2 |  | 
| Farm | 4 |  | 
| Barracks | 2 |  | 
| Arcane Vault | 1 |  | 
| Blacksmith | 1 |  | 
| Keep | 1 |  | 
| Scout Tower | 1 |  | 
| Arcane Tower | 1 |  | 
                13 total
 » build order
                00:03 Altar of Kings
00:38 Farm
01:51 Barracks
02:14 Farm
02:45 Arcane Vault
03:09 Barracks
03:52 Blacksmith
04:22 Farm
07:13 Keep
07:38 Farm
12:54 Altar of Kings
13:09 Scout Tower
13:35 Arcane Tower
» items
                
                | Lesser Clarity Potion | 2 |  | 
| Scroll of Regeneration | 1 |  | 
                3 total
  
                Chat log
          
(09:17 / All) uniball: WOW
(09:18 / All) uniball: NOOB
(10:14 / All) uniball: LEAVE
(10:15 / All) uniball: NOW